[ PARTIDA AOE2 · #484147268 ]
Team RMBohemios vs Britons
[ ANÁLISIS DE REPETICIÓN · EXTRAÍDO DE LA PARTIDA GRABADA ]
Feudal
10:32
Castillos
21:03
Imperial
44:19
| APM promedio | 40.1 |
| APM pico | 114 |
| eAPM promedio | 19.5 |
| Aldeanos / militares | 159 / 289 |
Foco
⚔️ 34.4% · 🌾 65.6%
Skirmisher ×118 · Hand Cannoneer ×112 · Bombard Cannon ×21 · Hussite Wagon ×16 · Spearman ×10 · Trade Cart ×10
Feudal
10:11
Castillos
21:26
Imperial
36:13
| APM promedio | 41.2 |
| APM pico | 90 |
| eAPM promedio | 16.8 |
| Aldeanos / militares | 85 / 395 |
Foco
⚔️ 32.4% · 🌾 67.6%
Archer ×316 · Mangonel ×68 · Trebuchet (Packed) ×10 · Spearman ×1
Feudal
11:34
Castillos
20:29
Imperial
42:54
| APM promedio | 20.3 |
| APM pico | 57 |
| eAPM promedio | 12.8 |
| Aldeanos / militares | 136 / 423 |
Foco
⚔️ 28.4% · 🌾 71.6%
Camel Scout ×406 · Trade Cart ×23 · Scout Cavalry ×13 · Bombard Cannon ×3 · Monk ×1
Feudal
10:38
Castillos
23:37
Imperial
45:59
| APM promedio | 27.0 |
| APM pico | 72 |
| eAPM promedio | 19.8 |
| Aldeanos / militares | 117 / 487 |
Foco
⚔️ 54.4% · 🌾 45.6%
Samurai ×243 · Genitour ×131 · Spearman ×73 · Trade Cart ×41 · Militia ×23 · Cavalry Archer ×10
Feudal
11:22
Castillos
23:18
Imperial
41:17
| APM promedio | 20.1 |
| APM pico | 90 |
| eAPM promedio | 9.6 |
| Aldeanos / militares | 59 / 114 |
Foco
⚔️ 29.9% · 🌾 70.1%
Camel Scout ×49 · Scout Cavalry ×34 · Mangonel ×28 · Trebuchet (Packed) ×3
Feudal
9:59
Castillos
24:01
Imperial
34:45
| APM promedio | 36.3 |
| APM pico | 93 |
| eAPM promedio | 20.7 |
| Aldeanos / militares | 98 / 402 |
Foco
⚔️ 56.4% · 🌾 43.6%
Scorpion ×182 · Militia ×167 · Spearman ×28 · Centurion ×18 · Trade Cart ×13 · Trebuchet (Packed) ×6
Mapa de la partida
Recursos iniciales + cada clic de construcción. Líneas = muros · curvas = relieve. ◆ oro · ⬟ piedra · ● bayas · ✦ reliquia · ◌ hueco del cierre
Tu base· Abierta — flanco sin cerrar
Base de Prusias· ✓ Cerrada en 21:26 · 57t muro · sin puerta
Base de RYTMO/Rajo· Abierta — flanco sin cerrar
Base de Plot· ✓ Cerrada en 23:37 · 154t muro · 4 puerta(s)
Base de YemYesiL· ✓ Cerrada en 23:18 · 29t muro · 1 puerta(s)
Base de Resporko· Abierta — flanco sin cerrar
Terreno inicial suavizado · ◌ = hueco del cierre detectado · pasá el cursor para detalles
Inputs por minuto
— ProsteAleks - - Prusias
Build order — ProsteAleks
Primeras 150 de 525 acciones detectadas
| 0:00 | Crear | Villager (Male) |
| 0:00 | Crear | Villager (Male) |
| 0:01 | Crear | Villager (Male) |
| 0:01 | Crear | Villager (Male) |
| 0:02 | Construir | House |
| 0:04 | Construir | House |
| 1:38 | Crear | Villager (Male) |
| 1:49 | Construir | Lumber Camp |
| 2:19 | Crear | Villager (Male) |
| 2:49 | Crear | Villager (Male) |
| 2:55 | Construir | House |
| 3:14 | Crear | Villager (Male) |
| 3:47 | Crear | Villager (Male) |
| 4:31 | Crear | Villager (Male) |
| 5:06 | Crear | Villager (Male) |
| 5:39 | Construir | Mill |
| 5:43 | Crear | Villager (Male) |
| 5:57 | Crear | Villager (Male) |
| 5:59 | Crear | Villager (Male) |
| 6:37 | Crear | Villager (Male) |
| 7:27 | Crear | Villager (Male) |
| 7:38 | Construir | House |
| 7:48 | Investigar | Loom |
| 8:22 | Investigar | Feudal Age |
| 9:50 | Construir | Farm |
| 9:50 | Construir | Farm |
| 9:50 | Construir | Farm |
| 10:10 | Construir | House |
| 10:17 | Construir | Barracks |
| 10:21 | Crear | Villager (Male) |
| 10:22 | Crear | Villager (Male) |
| 10:30 | Construir | Farm |
| 10:31 | Construir | Farm |
| 10:32 | Edad | Edad Feudal |
| 10:40 | Investigar | Double-Bit Axe |
| 10:40 | Investigar | Double-Bit Axe |
| 11:16 | Crear | Villager (Male) |
| 11:33 | Investigar | Horse Collar |
| 11:44 | Crear | Villager (Male) |
| 11:58 | Construir | Blacksmith |
| 12:05 | Crear | Villager (Male) |
| 12:18 | Construir | Farm |
| 12:22 | Construir | Farm |
| 12:40 | Crear | Villager (Male) |
| 12:43 | Construir | Farm |
| 12:43 | Construir | Farm |
| 13:04 | Crear | Villager (Male) |
| 13:12 | Construir | Mining Camp |
| 13:22 | Crear | Villager (Male) |
| 13:26 | Crear | Villager (Male) |
| 13:51 | Crear | Villager (Male) |
| 14:12 | Crear | Villager (Male) |
| 14:26 | Construir | House |
| 14:31 | Investigar | Town Watch |
| 14:50 | Construir | Farm |
| 14:50 | Construir | Farm |
| 14:51 | Construir | Farm |
| 14:51 | Construir | Farm |
| 14:51 | Construir | Farm |
| 14:52 | Construir | Farm |
| 15:01 | Construir | House |
| 15:16 | Construir | Stone Wall |
| 15:46 | Construir | House |
| 15:47 | Crear | Villager (Male) |
| 15:47 | Crear | Villager (Male) |
| 16:04 | Construir | Stone Wall |
| 16:11 | Crear | Villager (Male) |
| 16:18 | Crear | Villager (Male) |
| 16:23 | Investigar | Fletching |
| 16:26 | Investigar | Scale Mail Armor |
| 16:32 | Construir | Market |
| 16:51 | Construir | Mining Camp |
| 17:28 | Construir | Stone Wall |
| 17:33 | Crear | Villager (Male) |
| 17:36 | Crear | Villager (Male) |
| 18:11 | Investigar | Castle Age |
| 18:35 | Construir | Stone Wall |
| 19:20 | Construir | Archery Range |
| 19:29 | Construir | Archery Range |
| 19:53 | Construir | Farm |
| 19:53 | Construir | Farm |
| 19:54 | Construir | Farm |
| 21:03 | Edad | Edad de los Castillos |
| 21:09 | Construir | Castle |
| 21:19 | Construir | University |
| 21:21 | Crear | Villager (Male) |
| 21:21 | Crear | Villager (Male) |
| 21:22 | Crear | Villager (Male) |
| 21:33 | Crear | Villager (Male) |
| 22:20 | Construir | Stone Wall |
| 22:25 | Investigar | Chemistry |
| 22:33 | Crear | Spearman |
| 22:34 | Crear | Spearman |
| 22:34 | Crear | Spearman |
| 22:36 | Crear | Spearman |
| 22:43 | Investigar | Pikeman (upgrade) |
| 22:50 | Construir | Farm |
| 23:32 | Construir | Lumber Camp |
| 23:42 | Investigar | Squires |
| 24:11 | Crear | Hand Cannoneer |
| 24:12 | Crear | Hand Cannoneer |
| 24:12 | Crear | Hand Cannoneer |
| 24:12 | Crear | Hand Cannoneer |
| 24:13 | Crear | Hand Cannoneer |
| 24:13 | Crear | Hand Cannoneer |
| 24:14 | Crear | Hand Cannoneer |
| 24:14 | Crear | Hand Cannoneer |
| 24:14 | Crear | Hand Cannoneer |
| 24:16 | Crear | Hand Cannoneer |
| 24:39 | Construir | Stone Wall |
| 24:46 | Crear | Hussite Wagon |
| 24:46 | Crear | Hussite Wagon |
| 25:11 | Crear | Villager (Male) |
| 25:11 | Crear | Villager (Male) |
| 25:14 | Investigar | Wheelbarrow |
| 25:23 | Crear | Spearman |
| 25:23 | Crear | Spearman |
| 25:42 | Crear | Hussite Wagon |
| 26:22 | Construir | Stone Wall |
| 26:39 | Crear | Hussite Wagon |
| 26:45 | Investigar | Wagenburg Tactics |
| 26:53 | Crear | Spearman |
| 26:53 | Crear | Spearman |
| 26:54 | Crear | Spearman |
| 26:55 | Crear | Spearman |
| 27:45 | Crear | Villager (Male) |
| 27:46 | Crear | Villager (Male) |
| 27:54 | Construir | Town Center |
| 28:07 | Construir | House |
| 28:52 | Crear | Hussite Wagon |
| 28:52 | Crear | Hussite Wagon |
| 29:10 | Crear | Villager (Male) |
| 29:10 | Crear | Villager (Male) |
| 29:10 | Crear | Villager (Male) |
| 29:10 | Crear | Villager (Male) |
| 29:11 | Crear | Villager (Male) |
| 29:12 | Crear | Villager (Male) |
| 29:47 | Crear | Skirmisher |
| 29:47 | Crear | Skirmisher |
| 29:47 | Crear | Skirmisher |
| 29:48 | Crear | Skirmisher |
| 29:48 | Crear | Skirmisher |
| 29:48 | Crear | Skirmisher |
| 29:48 | Crear | Skirmisher |
| 29:49 | Crear | Skirmisher |
| 30:10 | Investigar | Padded Archer Armor |
| 30:11 | Investigar | Bodkin Arrow |
| 30:36 | Crear | Villager (Male) |
| 30:36 | Crear | Villager (Male) |
| 30:37 | Crear | Villager (Male) |
Build order — Prusias
Primeras 150 de 414 acciones detectadas
| 0:04 | Construir | House |
| 0:05 | Construir | House |
| 0:05 | Crear | Villager (Male) |
| 0:06 | Crear | Villager (Male) |
| 0:06 | Crear | Villager (Male) |
| 0:06 | Crear | Villager (Male) |
| 0:06 | Crear | Villager (Male) |
| 1:26 | Crear | Villager (Male) |
| 1:49 | Construir | Lumber Camp |
| 1:50 | Crear | Villager (Male) |
| 1:51 | Crear | Villager (Male) |
| 2:38 | Crear | Villager (Male) |
| 2:49 | Construir | House |
| 2:52 | Crear | Villager (Male) |
| 3:11 | Crear | Villager (Male) |
| 3:21 | Crear | Villager (Male) |
| 3:58 | Crear | Villager (Male) |
| 4:25 | Crear | Villager (Male) |
| 4:29 | Construir | House |
| 4:32 | Construir | Mill |
| 4:51 | Construir | Palisade Wall |
| 5:07 | Crear | Villager (Male) |
| 5:17 | Construir | Palisade Wall |
| 5:45 | Crear | Villager (Male) |
| 5:49 | Construir | Palisade Wall |
| 6:02 | Crear | Villager (Male) |
| 6:23 | Construir | Palisade Wall |
| 6:26 | Construir | Palisade Wall |
| 6:38 | Construir | House |
| 6:45 | Crear | Villager (Male) |
| 6:58 | Crear | Villager (Male) |
| 7:21 | Construir | Mining Camp |
| 7:28 | Investigar | Loom |
| 7:29 | Investigar | Feudal Age |
| 7:46 | Construir | House |
| 7:50 | Construir | Palisade Wall |
| 8:00 | Construir | House |
| 8:45 | Construir | Palisade Wall |
| 9:10 | Construir | Palisade Gate |
| 9:22 | Construir | Barracks |
| 9:25 | Crear | Villager (Male) |
| 9:26 | Crear | Villager (Male) |
| 9:57 | Construir | Palisade Wall |
| 10:11 | Edad | Edad Feudal |
| 10:15 | Construir | Lumber Camp |
| 10:41 | Construir | Archery Range |
| 10:46 | Crear | Spearman |
| 10:48 | Crear | Villager (Male) |
| 10:57 | Crear | Villager (Male) |
| 11:13 | Construir | House |
| 11:23 | Crear | Villager (Male) |
| 11:33 | Construir | Palisade Wall |
| 11:36 | Construir | Mill |
| 12:05 | Construir | Archery Range |
| 12:07 | Construir | Palisade Wall |
| 12:10 | Crear | Villager (Male) |
| 12:16 | Investigar | Double-Bit Axe |
| 12:29 | Construir | Farm |
| 12:59 | Crear | Villager (Male) |
| 13:06 | Construir | Farm |
| 13:07 | Construir | Farm |
| 13:09 | Construir | Farm |
| 13:15 | Construir | Farm |
| 13:23 | Construir | Farm |
| 13:26 | Construir | Farm |
| 13:43 | Construir | Farm |
| 13:45 | Crear | Villager (Male) |
| 14:02 | Crear | Villager (Male) |
| 14:06 | Crear | Archer |
| 14:06 | Crear | Archer |
| 14:13 | Construir | Farm |
| 14:15 | Crear | Villager (Male) |
| 14:19 | Crear | Archer |
| 14:23 | Crear | Archer |
| 14:28 | Crear | Villager (Male) |
| 14:36 | Crear | Archer |
| 14:38 | Crear | Archer |
| 14:48 | Crear | Villager (Male) |
| 15:23 | Construir | Blacksmith |
| 15:25 | Construir | House |
| 15:29 | Crear | Villager (Male) |
| 15:35 | Crear | Archer |
| 15:36 | Crear | Archer |
| 15:47 | Construir | House |
| 15:48 | Construir | House |
| 15:52 | Construir | Palisade Wall |
| 15:56 | Crear | Villager (Male) |
| 16:12 | Crear | Villager (Male) |
| 16:16 | Construir | House |
| 16:17 | Construir | House |
| 16:21 | Construir | Farm |
| 16:44 | Construir | Farm |
| 16:48 | Construir | Farm |
| 16:50 | Construir | House |
| 16:52 | Construir | House |
| 16:53 | Construir | House |
| 16:54 | Construir | House |
| 16:55 | Construir | House |
| 16:58 | Crear | Villager (Male) |
| 17:03 | Crear | Archer |
| 17:03 | Crear | Archer |
| 17:23 | Crear | Villager (Male) |
| 17:26 | Crear | Archer |
| 17:27 | Crear | Archer |
| 17:35 | Construir | Farm |
| 17:39 | Construir | Farm |
| 17:41 | Crear | Villager (Male) |
| 17:59 | Construir | Farm |
| 18:03 | Crear | Villager (Male) |
| 18:12 | Crear | Archer |
| 18:13 | Crear | Archer |
| 18:14 | Crear | Archer |
| 18:14 | Crear | Archer |
| 18:41 | Investigar | Castle Age |
| 19:17 | Crear | Villager (Male) |
| 19:33 | Investigar | Gold Mining |
| 19:41 | Construir | House |
| 19:43 | Construir | House |
| 19:47 | Construir | House |
| 20:22 | Investigar | Fletching |
| 20:22 | Investigar | Padded Archer Armor |
| 20:34 | Crear | Archer |
| 20:34 | Crear | Archer |
| 20:39 | Crear | Villager (Male) |
| 21:13 | Crear | Archer |
| 21:13 | Crear | Archer |
| 21:13 | Crear | Archer |
| 21:21 | Construir | House |
| 21:23 | Construir | House |
| 21:26 | Edad | Edad de los Castillos |
| 21:31 | Construir | Town Center |
| 21:40 | Investigar | Crossbowman (upgrade) |
| 21:44 | Investigar | Bodkin Arrow |
| 21:52 | Construir | University |
| 22:01 | Crear | Villager (Male) |
| 22:05 | Crear | Villager (Male) |
| 22:07 | Investigar | Bow Saw |
| 22:37 | Construir | Town Center |
| 22:41 | Crear | Villager (Male) |
| 22:47 | Crear | Villager (Male) |
| 22:49 | Crear | Villager (Male) |
| 22:49 | Crear | Villager (Male) |
| 23:15 | Crear | Villager (Male) |
| 23:17 | Crear | Villager (Male) |
| 23:43 | Investigar | Ballistics |
| 23:46 | Crear | Villager (Male) |
| 23:54 | Construir | Mining Camp |
| 23:56 | Crear | Villager (Male) |
| 23:57 | Crear | Villager (Male) |
| 24:37 | Crear | Archer |
Build order — RYTMO/Rajo
Primeras 150 de 450 acciones detectadas
| 0:09 | Crear | Villager (Male) |
| 0:09 | Crear | Villager (Male) |
| 0:09 | Crear | Villager (Male) |
| 0:11 | Construir | House |
| 0:14 | Construir | House |
| 0:17 | Crear | Villager (Male) |
| 1:32 | Crear | Villager (Male) |
| 2:38 | Investigar | Loom |
| 2:39 | Crear | Villager (Male) |
| 2:39 | Crear | Villager (Male) |
| 2:39 | Crear | Villager (Male) |
| 4:53 | Crear | Villager (Male) |
| 4:55 | Crear | Villager (Male) |
| 5:08 | Crear | Villager (Male) |
| 5:16 | Construir | House |
| 5:17 | Construir | House |
| 6:54 | Crear | Villager (Male) |
| 6:55 | Crear | Villager (Male) |
| 7:22 | Construir | Mill |
| 7:30 | Crear | Villager (Male) |
| 7:37 | Construir | Mill |
| 7:56 | Crear | Villager (Male) |
| 8:13 | Construir | Lumber Camp |
| 8:23 | Crear | Villager (Male) |
| 8:28 | Crear | Villager (Male) |
| 9:08 | Investigar | Feudal Age |
| 9:31 | Construir | House |
| 9:32 | Construir | House |
| 10:29 | Crear | Villager (Male) |
| 11:34 | Edad | Edad Feudal |
| 11:38 | Construir | Farm |
| 11:43 | Investigar | Double-Bit Axe |
| 11:45 | Investigar | Horse Collar |
| 12:07 | Construir | Farm |
| 12:10 | Crear | Villager (Male) |
| 12:11 | Crear | Villager (Male) |
| 12:11 | Crear | Villager (Male) |
| 12:39 | Construir | Farm |
| 12:49 | Crear | Villager (Male) |
| 13:03 | Construir | Farm |
| 13:06 | Crear | Villager (Male) |
| 13:47 | Construir | Barracks |
| 13:50 | Crear | Villager (Male) |
| 13:59 | Construir | Mining Camp |
| 14:02 | Crear | Villager (Male) |
| 14:31 | Construir | Farm |
| 14:32 | Crear | Villager (Male) |
| 15:04 | Construir | Farm |
| 15:12 | Construir | Farm |
| 15:13 | Construir | Farm |
| 15:14 | Construir | Farm |
| 15:20 | Construir | Stable |
| 15:33 | Construir | Farm |
| 15:47 | Construir | Blacksmith |
| 15:49 | Construir | House |
| 15:50 | Construir | House |
| 16:16 | Construir | Market |
| 16:34 | Construir | Mining Camp |
| 16:36 | Crear | Scout Cavalry |
| 16:37 | Crear | Scout Cavalry |
| 17:49 | Investigar | Castle Age |
| 18:13 | Construir | Stone Wall |
| 18:17 | Construir | Stone Wall |
| 18:40 | Crear | Villager (Male) |
| 18:41 | Crear | Villager (Male) |
| 20:29 | Edad | Edad de los Castillos |
| 20:29 | Investigar | Bloodlines |
| 20:40 | Construir | Stable |
| 20:47 | Construir | Stable |
| 21:04 | Construir | Town Center |
| 21:11 | Investigar | Wheelbarrow |
| 21:23 | Crear | Scout Cavalry |
| 21:24 | Crear | Scout Cavalry |
| 21:25 | Crear | Scout Cavalry |
| 21:36 | Investigar | Scale Barding Armor |
| 21:55 | Construir | Stone Wall |
| 22:03 | Crear | Scout Cavalry |
| 22:03 | Crear | Scout Cavalry |
| 22:20 | Construir | Farm |
| 22:20 | Construir | Farm |
| 22:37 | Investigar | Heavy Plow |
| 22:51 | Crear | Camel Scout |
| 23:05 | Crear | Camel Scout |
| 23:14 | Crear | Scout Cavalry |
| 23:14 | Crear | Scout Cavalry |
| 23:24 | Crear | Villager (Male) |
| 23:25 | Crear | Villager (Male) |
| 23:25 | Crear | Villager (Male) |
| 23:25 | Crear | Villager (Male) |
| 23:42 | Crear | Scout Cavalry |
| 23:42 | Crear | Scout Cavalry |
| 24:08 | Construir | Lumber Camp |
| 24:29 | Investigar | Light Cavalry (upgrade) |
| 24:44 | Investigar | Forging |
| 25:13 | Crear | Scout Cavalry |
| 25:13 | Crear | Scout Cavalry |
| 25:33 | Investigar | Town Watch |
| 26:43 | Construir | Stone Wall |
| 28:45 | Crear | Villager (Male) |
| 28:46 | Crear | Villager (Male) |
| 28:46 | Crear | Villager (Male) |
| 28:46 | Crear | Villager (Male) |
| 28:47 | Crear | Villager (Male) |
| 28:48 | Crear | Villager (Male) |
| 29:40 | Construir | Castle |
| 30:11 | Construir | Lumber Camp |
| 30:27 | Crear | Villager (Male) |
| 30:27 | Crear | Villager (Male) |
| 30:27 | Crear | Villager (Male) |
| 30:31 | Crear | Villager (Male) |
| 30:31 | Crear | Villager (Male) |
| 30:37 | Construir | House |
| 30:38 | Construir | House |
| 30:39 | Construir | House |
| 31:25 | Crear | Villager (Male) |
| 31:25 | Crear | Villager (Male) |
| 31:26 | Crear | Villager (Male) |
| 31:27 | Crear | Villager (Male) |
| 31:33 | Investigar | Bow Saw |
| 31:49 | Construir | Farm |
| 32:18 | Construir | Town Center |
| 32:26 | Construir | Mining Camp |
| 32:57 | Construir | Farm |
| 33:04 | Construir | Farm |
| 33:04 | Construir | Farm |
| 33:18 | Construir | Town Center |
| 33:31 | Investigar | Gold Mining |
| 33:32 | Crear | Villager (Male) |
| 33:33 | Crear | Villager (Male) |
| 33:33 | Crear | Villager (Male) |
| 33:33 | Crear | Villager (Male) |
| 33:34 | Crear | Villager (Male) |
| 33:34 | Crear | Villager (Male) |
| 33:34 | Crear | Villager (Male) |
| 33:35 | Crear | Villager (Male) |
| 34:09 | Crear | Villager (Male) |
| 34:09 | Crear | Villager (Male) |
| 34:09 | Crear | Villager (Male) |
| 34:31 | Construir | Farm |
| 34:31 | Construir | Farm |
| 34:36 | Crear | Villager (Male) |
| 34:36 | Crear | Villager (Male) |
| 34:37 | Crear | Villager (Male) |
| 34:37 | Crear | Villager (Male) |
| 34:38 | Crear | Villager (Male) |
| 35:00 | Construir | Mill |
| 35:07 | Crear | Villager (Male) |
| 35:07 | Crear | Villager (Male) |
| 35:07 | Crear | Villager (Male) |
| 35:07 | Crear | Villager (Male) |
Build order — Plot
Primeras 150 de 872 acciones detectadas
| 0:05 | Construir | House |
| 0:07 | Construir | House |
| 0:08 | Crear | Villager (Male) |
| 0:09 | Crear | Villager (Male) |
| 0:09 | Crear | Villager (Male) |
| 0:09 | Crear | Villager (Male) |
| 1:37 | Crear | Villager (Male) |
| 2:15 | Crear | Villager (Male) |
| 2:16 | Crear | Villager (Male) |
| 2:34 | Crear | Villager (Male) |
| 2:41 | Construir | Lumber Camp |
| 3:08 | Crear | Villager (Male) |
| 3:29 | Crear | Villager (Male) |
| 3:31 | Construir | House |
| 3:31 | Construir | House |
| 3:58 | Crear | Villager (Male) |
| 4:59 | Crear | Villager (Male) |
| 4:59 | Crear | Villager (Male) |
| 5:32 | Crear | Villager (Male) |
| 5:39 | Construir | Mill |
| 6:11 | Crear | Villager (Male) |
| 6:16 | Construir | House |
| 6:45 | Crear | Villager (Male) |
| 7:04 | Construir | Barracks |
| 7:08 | Construir | House |
| 7:26 | Crear | Villager (Male) |
| 8:02 | Crear | Villager (Male) |
| 8:28 | Investigar | Feudal Age |
| 8:32 | Construir | Mining Camp |
| 8:50 | Construir | Palisade Wall |
| 9:03 | Construir | Mining Camp |
| 10:00 | Investigar | Loom |
| 10:38 | Edad | Edad Feudal |
| 10:41 | Investigar | Wheelbarrow |
| 10:42 | Investigar | Town Watch |
| 10:51 | Crear | Spearman |
| 10:51 | Crear | Spearman |
| 11:07 | Construir | Stone Wall |
| 11:11 | Construir | Stone Wall |
| 11:15 | Construir | Stone Wall |
| 11:24 | Construir | Gate |
| 11:31 | Crear | Spearman |
| 11:45 | Construir | Stone Wall |
| 11:47 | Construir | Stone Wall |
| 11:53 | Crear | Spearman |
| 12:18 | Construir | Mill |
| 12:20 | Crear | Villager (Male) |
| 12:20 | Crear | Villager (Male) |
| 12:43 | Construir | Stone Wall |
| 12:46 | Construir | Stone Wall |
| 13:36 | Crear | Villager (Male) |
| 13:51 | Construir | Farm |
| 13:52 | Construir | Farm |
| 13:58 | Construir | Blacksmith |
| 14:46 | Crear | Villager (Male) |
| 14:46 | Crear | Villager (Male) |
| 15:01 | Construir | Stone Wall |
| 15:03 | Construir | Stone Wall |
| 15:13 | Construir | Farm |
| 15:15 | Crear | Villager (Male) |
| 15:20 | Construir | Market |
| 15:26 | Investigar | Gold Mining |
| 15:56 | Crear | Spearman |
| 16:01 | Crear | Villager (Male) |
| 16:05 | Construir | Farm |
| 16:10 | Construir | Farm |
| 16:31 | Construir | Farm |
| 16:33 | Crear | Villager (Male) |
| 16:37 | Construir | House |
| 16:38 | Construir | House |
| 16:39 | Construir | House |
| 16:44 | Investigar | Horse Collar |
| 17:06 | Construir | Farm |
| 17:23 | Construir | Stone Wall |
| 17:26 | Construir | Gate |
| 17:30 | Construir | Gate |
| 17:33 | Crear | Villager (Male) |
| 17:34 | Crear | Villager (Male) |
| 17:51 | Investigar | Stone Mining |
| 18:06 | Construir | Farm |
| 18:09 | Crear | Villager (Male) |
| 18:44 | Construir | Farm |
| 18:45 | Crear | Villager (Male) |
| 18:51 | Construir | Farm |
| 19:14 | Crear | Villager (Male) |
| 19:16 | Construir | Farm |
| 19:26 | Construir | Lumber Camp |
| 19:57 | Construir | Stone Wall |
| 19:58 | Construir | Stone Wall |
| 20:16 | Construir | Stone Wall |
| 20:23 | Construir | Gate |
| 20:27 | Construir | Farm |
| 20:28 | Crear | Villager (Male) |
| 20:57 | Investigar | Castle Age |
| 22:07 | Investigar | Man-at-Arms (upgrade) |
| 22:09 | Investigar | Arson |
| 22:18 | Investigar | Scale Mail Armor |
| 23:15 | Investigar | Forging |
| 23:19 | Investigar | Double-Bit Axe |
| 23:37 | Edad | Edad de los Castillos |
| 23:38 | Construir | Town Center |
| 23:46 | Construir | Town Center |
| 24:03 | Construir | Town Center |
| 24:10 | Investigar | Gold Shaft Mining |
| 24:13 | Crear | Villager (Male) |
| 24:27 | Crear | Villager (Male) |
| 24:54 | Construir | Farm |
| 24:57 | Crear | Villager (Male) |
| 25:14 | Construir | Farm |
| 25:17 | Crear | Villager (Male) |
| 25:17 | Crear | Villager (Male) |
| 25:25 | Crear | Villager (Male) |
| 25:26 | Crear | Villager (Male) |
| 25:35 | Crear | Villager (Male) |
| 25:35 | Crear | Villager (Male) |
| 25:41 | Construir | Farm |
| 25:44 | Construir | Farm |
| 25:45 | Construir | Farm |
| 25:46 | Crear | Villager (Male) |
| 26:04 | Crear | Villager (Male) |
| 26:08 | Crear | Villager (Male) |
| 26:10 | Construir | Farm |
| 26:17 | Crear | Villager (Male) |
| 26:19 | Construir | Farm |
| 26:21 | Crear | Villager (Male) |
| 26:40 | Construir | Farm |
| 26:43 | Crear | Villager (Male) |
| 26:44 | Crear | Villager (Male) |
| 26:49 | Crear | Villager (Male) |
| 27:00 | Construir | Farm |
| 27:01 | Construir | Farm |
| 27:13 | Construir | Farm |
| 27:18 | Construir | Farm |
| 27:21 | Crear | Villager (Male) |
| 27:21 | Crear | Villager (Male) |
| 27:21 | Crear | Villager (Male) |
| 27:26 | Crear | Villager (Male) |
| 27:26 | Crear | Villager (Male) |
| 27:33 | Construir | Farm |
| 27:38 | Construir | Farm |
| 27:54 | Crear | Villager (Male) |
| 27:59 | Crear | Villager (Male) |
| 27:59 | Crear | Villager (Male) |
| 27:59 | Crear | Villager (Male) |
| 28:05 | Construir | Farm |
| 28:05 | Crear | Villager (Male) |
| 28:15 | Crear | Villager (Male) |
| 28:20 | Crear | Villager (Male) |
| 28:22 | Crear | Villager (Male) |
| 28:24 | Crear | Villager (Male) |
Build order — YemYesiL
Primeras 150 de 330 acciones detectadas
| 0:05 | Construir | House |
| 0:08 | Construir | House |
| 0:10 | Crear | Villager (Male) |
| 0:11 | Crear | Villager (Male) |
| 0:11 | Crear | Villager (Male) |
| 0:12 | Crear | Villager (Male) |
| 0:12 | Crear | Villager (Male) |
| 0:14 | Investigar | Loom |
| 1:39 | Crear | Villager (Male) |
| 2:01 | Construir | Lumber Camp |
| 3:41 | Crear | Villager (Male) |
| 3:43 | Crear | Villager (Male) |
| 4:24 | Crear | Villager (Male) |
| 5:04 | Construir | House |
| 5:08 | Crear | Villager (Male) |
| 5:08 | Crear | Villager (Male) |
| 5:10 | Crear | Villager (Male) |
| 5:12 | Crear | Villager (Male) |
| 5:48 | Construir | Mill |
| 6:33 | Crear | Villager (Male) |
| 6:59 | Crear | Villager (Male) |
| 7:08 | Crear | Villager (Male) |
| 7:17 | Construir | House |
| 9:12 | Investigar | Feudal Age |
| 9:15 | Crear | Villager (Male) |
| 9:15 | Crear | Villager (Male) |
| 9:46 | Construir | Barracks |
| 10:12 | Construir | House |
| 10:15 | Construir | Palisade Wall |
| 10:30 | Construir | Palisade Wall |
| 10:44 | Construir | Palisade Wall |
| 10:51 | Construir | House |
| 11:22 | Edad | Edad Feudal |
| 11:26 | Construir | Stable |
| 11:37 | Investigar | Double-Bit Axe |
| 11:48 | Construir | Blacksmith |
| 12:01 | Investigar | Horse Collar |
| 12:16 | Crear | Villager (Male) |
| 12:16 | Crear | Villager (Male) |
| 12:40 | Construir | Palisade Wall |
| 12:43 | Crear | Villager (Male) |
| 12:50 | Construir | Farm |
| 12:53 | Construir | Farm |
| 13:03 | Construir | Farm |
| 13:07 | Construir | Farm |
| 13:14 | Crear | Villager (Male) |
| 13:21 | Crear | Scout Cavalry |
| 13:22 | Crear | Scout Cavalry |
| 13:40 | Construir | Farm |
| 13:47 | Construir | Farm |
| 14:05 | Construir | Farm |
| 14:31 | Crear | Villager (Male) |
| 14:31 | Crear | Villager (Male) |
| 14:39 | Construir | Mining Camp |
| 15:02 | Crear | Villager (Male) |
| 15:05 | Crear | Scout Cavalry |
| 15:27 | Crear | Scout Cavalry |
| 15:43 | Crear | Villager (Male) |
| 15:48 | Construir | Farm |
| 16:06 | Crear | Villager (Male) |
| 16:07 | Crear | Villager (Male) |
| 16:11 | Construir | Farm |
| 16:16 | Construir | Farm |
| 16:21 | Construir | Farm |
| 16:27 | Construir | Farm |
| 16:34 | Construir | Farm |
| 18:32 | Investigar | Gold Mining |
| 20:38 | Investigar | Castle Age |
| 20:39 | Investigar | Wheelbarrow |
| 21:02 | Construir | House |
| 21:17 | Construir | Palisade Gate |
| 21:31 | Construir | Stable |
| 21:35 | Construir | Stable |
| 21:46 | Investigar | Forging |
| 21:47 | Investigar | Scale Barding Armor |
| 22:15 | Construir | Farm |
| 22:37 | Construir | House |
| 22:41 | Construir | House |
| 22:42 | Construir | House |
| 22:47 | Construir | House |
| 22:50 | Construir | House |
| 23:14 | Construir | Farm |
| 23:15 | Construir | Farm |
| 23:18 | Edad | Edad de los Castillos |
| 23:25 | Investigar | Bloodlines |
| 23:31 | Crear | Camel Scout |
| 23:31 | Crear | Camel Scout |
| 23:32 | Crear | Camel Scout |
| 23:32 | Crear | Camel Scout |
| 23:32 | Crear | Camel Scout |
| 23:32 | Crear | Camel Scout |
| 23:33 | Crear | Camel Scout |
| 23:33 | Crear | Camel Scout |
| 23:33 | Crear | Camel Scout |
| 23:33 | Crear | Camel Scout |
| 23:34 | Crear | Camel Scout |
| 23:56 | Crear | Villager (Male) |
| 23:56 | Crear | Villager (Male) |
| 24:09 | Crear | Villager (Male) |
| 24:09 | Crear | Villager (Male) |
| 24:17 | Crear | Villager (Male) |
| 24:48 | Investigar | Husbandry |
| 25:37 | Investigar | Iron Casting |
| 26:11 | Investigar | Chain Barding Armor |
| 26:19 | Construir | House |
| 26:27 | Construir | Farm |
| 26:33 | Construir | Farm |
| 26:42 | Crear | Camel Scout |
| 26:42 | Crear | Camel Scout |
| 26:42 | Crear | Camel Scout |
| 27:01 | Crear | Villager (Male) |
| 27:01 | Crear | Villager (Male) |
| 27:21 | Construir | Town Center |
| 27:27 | Investigar | Bow Saw |
| 27:34 | Crear | Camel Scout |
| 27:49 | Crear | Camel Scout |
| 27:49 | Crear | Camel Scout |
| 27:53 | Crear | Camel Scout |
| 28:45 | Construir | Outpost |
| 29:00 | Construir | Outpost |
| 29:03 | Construir | Outpost |
| 29:08 | Construir | Outpost |
| 29:24 | Crear | Villager (Male) |
| 29:24 | Crear | Villager (Male) |
| 29:24 | Crear | Villager (Male) |
| 29:27 | Crear | Villager (Male) |
| 29:30 | Investigar | Hand Cart |
| 29:33 | Crear | Camel Scout |
| 29:34 | Crear | Camel Scout |
| 29:34 | Crear | Camel Scout |
| 29:34 | Crear | Camel Scout |
| 31:05 | Construir | Mining Camp |
| 31:17 | Investigar | Stone Mining |
| 31:26 | Crear | Villager (Male) |
| 31:26 | Crear | Villager (Male) |
| 31:27 | Crear | Villager (Male) |
| 31:41 | Crear | Camel Scout |
| 31:41 | Crear | Camel Scout |
| 31:41 | Crear | Camel Scout |
| 31:41 | Crear | Camel Scout |
| 31:42 | Crear | Camel Scout |
| 31:42 | Crear | Camel Scout |
| 31:42 | Crear | Camel Scout |
| 31:42 | Crear | Camel Scout |
| 31:43 | Crear | Camel Scout |
| 31:43 | Crear | Camel Scout |
| 31:43 | Crear | Camel Scout |
| 31:44 | Crear | Camel Scout |
| 31:45 | Crear | Camel Scout |
| 32:44 | Crear | Villager (Male) |
Build order — Resporko
Primeras 150 de 679 acciones detectadas
| 0:02 | Crear | Villager (Male) |
| 0:02 | Crear | Villager (Male) |
| 0:02 | Crear | Villager (Male) |
| 0:02 | Crear | Villager (Male) |
| 0:04 | Construir | House |
| 0:06 | Construir | House |
| 0:08 | Investigar | Loom |
| 2:06 | Crear | Villager (Male) |
| 2:07 | Crear | Villager (Male) |
| 2:33 | Crear | Villager (Male) |
| 2:41 | Investigar | Loom |
| 3:46 | Construir | House |
| 3:47 | Construir | House |
| 3:49 | Crear | Villager (Male) |
| 4:27 | Crear | Villager (Male) |
| 4:29 | Crear | Villager (Male) |
| 4:42 | Construir | Mill |
| 4:44 | Crear | Villager (Male) |
| 5:23 | Crear | Villager (Male) |
| 5:44 | Crear | Villager (Male) |
| 6:02 | Crear | Villager (Male) |
| 6:38 | Crear | Villager (Male) |
| 6:54 | Construir | Lumber Camp |
| 7:02 | Crear | Villager (Male) |
| 7:49 | Investigar | Feudal Age |
| 8:11 | Construir | Mining Camp |
| 9:22 | Crear | Villager (Male) |
| 9:31 | Crear | Villager (Male) |
| 9:59 | Edad | Edad Feudal |
| 10:02 | Crear | Villager (Male) |
| 10:41 | Construir | Stone Wall |
| 10:51 | Investigar | Double-Bit Axe |
| 10:53 | Investigar | Horse Collar |
| 11:18 | Construir | House |
| 11:19 | Construir | House |
| 11:22 | Crear | Villager (Male) |
| 11:24 | Crear | Villager (Male) |
| 11:32 | Crear | Villager (Male) |
| 11:56 | Construir | Stone Wall |
| 12:11 | Construir | Farm |
| 12:11 | Construir | Farm |
| 12:11 | Construir | Farm |
| 12:12 | Construir | Farm |
| 12:17 | Construir | Farm |
| 12:18 | Construir | Farm |
| 12:21 | Crear | Villager (Male) |
| 12:54 | Construir | Stone Wall |
| 13:00 | Construir | Gate |
| 13:02 | Crear | Villager (Male) |
| 13:40 | Construir | Barracks |
| 13:58 | Construir | Market |
| 14:03 | Construir | House |
| 14:03 | Construir | House |
| 14:04 | Construir | House |
| 14:06 | Crear | Villager (Male) |
| 14:06 | Crear | Villager (Male) |
| 14:57 | Crear | Villager (Male) |
| 14:59 | Crear | Villager (Male) |
| 15:05 | Crear | Spearman |
| 15:05 | Crear | Spearman |
| 15:06 | Crear | Spearman |
| 15:21 | Construir | Farm |
| 15:21 | Construir | Farm |
| 15:22 | Construir | Farm |
| 15:22 | Construir | Farm |
| 15:42 | Crear | Villager (Male) |
| 15:45 | Construir | Mining Camp |
| 16:08 | Crear | Villager (Male) |
| 16:16 | Construir | Farm |
| 16:16 | Construir | Farm |
| 16:20 | Construir | House |
| 16:22 | Construir | House |
| 16:23 | Construir | House |
| 16:23 | Construir | House |
| 16:24 | Construir | House |
| 16:24 | Construir | House |
| 16:30 | Crear | Villager (Male) |
| 16:33 | Crear | Villager (Male) |
| 16:56 | Construir | House |
| 16:56 | Construir | House |
| 16:57 | Construir | House |
| 16:57 | Construir | House |
| 16:58 | Construir | House |
| 16:58 | Construir | House |
| 16:59 | Construir | House |
| 16:59 | Construir | House |
| 17:03 | Crear | Villager (Male) |
| 17:06 | Crear | Villager (Male) |
| 17:37 | Crear | Spearman |
| 17:37 | Crear | Spearman |
| 17:39 | Crear | Spearman |
| 18:11 | Construir | Lumber Camp |
| 18:13 | Crear | Villager (Male) |
| 18:23 | Construir | Farm |
| 18:27 | Crear | Villager (Male) |
| 19:07 | Construir | House |
| 19:07 | Construir | House |
| 19:08 | Construir | House |
| 19:08 | Construir | House |
| 19:09 | Construir | House |
| 19:09 | Construir | House |
| 19:13 | Construir | Farm |
| 19:18 | Crear | Villager (Male) |
| 19:33 | Construir | Farm |
| 20:41 | Construir | Blacksmith |
| 20:50 | Investigar | Man-at-Arms (upgrade) |
| 21:15 | Construir | House |
| 21:16 | Construir | House |
| 21:16 | Construir | House |
| 21:17 | Construir | House |
| 21:21 | Investigar | Castle Age |
| 21:48 | Crear | Militia |
| 21:49 | Crear | Militia |
| 21:50 | Crear | Militia |
| 21:50 | Crear | Militia |
| 21:57 | Investigar | Scale Mail Armor |
| 22:00 | Investigar | Forging |
| 22:47 | Construir | House |
| 22:48 | Construir | House |
| 22:48 | Construir | House |
| 22:49 | Construir | House |
| 22:49 | Construir | House |
| 22:49 | Construir | House |
| 22:58 | Crear | Militia |
| 22:58 | Crear | Militia |
| 23:03 | Crear | Villager (Male) |
| 23:04 | Crear | Villager (Male) |
| 23:07 | Crear | Villager (Male) |
| 24:01 | Edad | Edad de los Castillos |
| 24:07 | Investigar | Squires |
| 24:13 | Crear | Villager (Male) |
| 24:54 | Construir | Town Center |
| 24:59 | Crear | Villager (Male) |
| 25:31 | Construir | House |
| 25:48 | Construir | Castle |
| 25:54 | Investigar | Heavy Plow |
| 25:56 | Investigar | Bow Saw |
| 25:57 | Crear | Villager (Male) |
| 26:09 | Crear | Villager (Male) |
| 26:09 | Crear | Villager (Male) |
| 26:10 | Crear | Villager (Male) |
| 26:10 | Crear | Villager (Male) |
| 26:24 | Construir | Town Center |
| 26:37 | Investigar | Long Swordsman (upgrade) |
| 26:56 | Construir | Monastery |
| 27:00 | Crear | Villager (Male) |
| 27:02 | Crear | Villager (Male) |
| 27:03 | Crear | Villager (Male) |
| 27:04 | Crear | Villager (Male) |
| 27:07 | Crear | Villager (Male) |
Cronología de la partida
| 4:51 | Prusias · wall_segment Palisade Wall x12 |
| 5:17 | Prusias · wall_segment Palisade Wall x6 |
| 5:49 | Prusias · wall_segment Palisade Wall x5 |
| 6:23 | Prusias · wall_segment Palisade Wall x1 |
| 6:26 | Prusias · wall_segment Palisade Wall x11 |
| 7:04 | Plot · first_building Barracks |
| 7:50 | Prusias · wall_segment Palisade Wall x7 |
| 8:45 | Prusias · wall_segment Palisade Wall x16 |
| 8:50 | Plot · wall_segment Palisade Wall x8 |
| 9:22 | Prusias · first_building Barracks |
| 9:46 | YemYesiL · first_building Barracks |
| 9:57 | Prusias · wall_segment Palisade Wall x1 |
| 9:59 | Resporko · age_up feudal |
| 10:11 | Prusias · age_up feudal |
| 10:15 | YemYesiL · wall_segment Palisade Wall x1 |
| 10:17 | ProsteAleks · first_building Barracks |
| 10:30 | YemYesiL · wall_segment Palisade Wall x11 |
| 10:32 | ProsteAleks · age_up feudal |
| 10:38 | Plot · age_up feudal |
| 10:41 | Resporko · wall_segment Stone Wall x9 |
| 10:41 | Prusias · first_building Archery Range |
| 10:44 | YemYesiL · wall_segment Palisade Wall x11 |
| 11:07 | Plot · wall_segment Stone Wall x18 |
| 11:11 | Plot · wall_segment Stone Wall x4 |
| 11:15 | Plot · wall_segment Stone Wall x8 |
| 11:22 | YemYesiL · age_up feudal |
| 11:26 | YemYesiL · first_building Stable |
| 11:33 | Prusias · wall_segment Palisade Wall x1 |
| 11:34 | RYTMO/Rajo · age_up feudal |
| 11:45 | Plot · wall_segment Stone Wall x7 |
| 11:47 | Plot · wall_segment Stone Wall x13 |
| 11:56 | Resporko · wall_segment Stone Wall x3 |
| 12:07 | Prusias · wall_segment Palisade Wall x1 |
| 12:40 | YemYesiL · wall_segment Palisade Wall x6 |
| 12:43 | Plot · wall_segment Stone Wall x8 |
| 12:46 | Plot · wall_segment Stone Wall x12 |
| 12:54 | Resporko · wall_segment Stone Wall x24 |
| 13:40 | Resporko · first_building Barracks |
| 13:47 | RYTMO/Rajo · first_building Barracks |
| 15:01 | Plot · wall_segment Stone Wall x1 |
| 15:03 | Plot · wall_segment Stone Wall x7 |
| 15:16 | ProsteAleks · wall_segment Stone Wall x7 |
| 15:20 | RYTMO/Rajo · first_building Stable |
| 15:52 | Prusias · wall_segment Palisade Wall x1 |
| 16:04 | ProsteAleks · wall_segment Stone Wall x10 |
| 17:23 | Plot · wall_segment Stone Wall x11 |
| 17:28 | ProsteAleks · wall_segment Stone Wall x7 |
| 17:45 | ProsteAleks · first_market_sell 100 stone |
| 17:46 | RYTMO/Rajo · first_market_sell 100 stone |
| 18:13 | RYTMO/Rajo · wall_segment Stone Wall x10 |
| 18:17 | RYTMO/Rajo · wall_segment Stone Wall x7 |
| 18:35 | ProsteAleks · wall_segment Stone Wall x8 |
| 19:20 | ProsteAleks · first_building Archery Range |
| 19:57 | Plot · wall_segment Stone Wall x24 |
| 19:58 | Plot · wall_segment Stone Wall x21 |
| 20:16 | Plot · wall_segment Stone Wall x18 |
| 20:29 | RYTMO/Rajo · age_up castle |
| 21:03 | ProsteAleks · age_up castle |
| 21:09 | ProsteAleks · first_building Castle |
| 21:26 | Prusias · age_up castle |
| 21:55 | RYTMO/Rajo · wall_segment Stone Wall x12 |
| 22:20 | ProsteAleks · wall_segment Stone Wall x1 |
| 23:18 | YemYesiL · age_up castle |
| 23:37 | Plot · age_up castle |
| 24:01 | Resporko · age_up castle |
| 24:23 | Plot · first_market_buy 100 food |
| 24:39 | ProsteAleks · wall_segment Stone Wall x17 |
| 25:48 | Resporko · first_building Castle |
| 26:22 | ProsteAleks · wall_segment Stone Wall x4 |
| 26:43 | RYTMO/Rajo · wall_segment Stone Wall x9 |
| 26:56 | Resporko · first_building Monastery |
| 29:40 | RYTMO/Rajo · first_building Castle |
| 29:53 | Prusias · first_building Castle |
| 30:19 | Plot · first_building Archery Range |
| 31:11 | Resporko · first_building Siege Workshop |
| 32:19 | Plot · first_building Castle |
| 34:13 | ProsteAleks · first_building Monastery |
| 34:45 | Resporko · age_up imperial |
| 35:30 | ProsteAleks · wall_segment Stone Wall x1 |
| 35:38 | Prusias · wall_segment Palisade Wall x4 |
| 36:13 | Prusias · age_up imperial |
| 36:30 | Prusias · first_market_buy 100 food |
| 36:36 | YemYesiL · first_building Monastery |
| 38:12 | RYTMO/Rajo · first_building Monastery |
| 40:54 | YemYesiL · first_building Castle |
| 41:17 | YemYesiL · age_up imperial |
| 42:16 | YemYesiL · first_building Siege Workshop |
| 42:54 | RYTMO/Rajo · age_up imperial |
| 43:24 | Resporko · tribute_sent a jugador 1 |
| 43:24 | Resporko · tribute_sent a jugador 2 |
| 43:24 | Resporko · tribute_sent a jugador 3 |
| 43:24 | Resporko · tribute_sent a jugador 4 |
| 43:24 | Resporko · tribute_sent a jugador 5 |
| 43:57 | ProsteAleks · first_building Siege Workshop |
| 44:19 | ProsteAleks · age_up imperial |
| 45:49 | ProsteAleks · first_market_buy 100 wood |
| 45:59 | Plot · age_up imperial |
| 46:45 | Prusias · first_building Siege Workshop |
| 48:46 | Resporko · first_building Archery Range |
| 49:10 | YemYesiL · first_market_sell 100 food |
| 51:06 | Plot · tribute_sent a jugador 1 |
| 51:06 | Plot · tribute_sent a jugador 2 |
| 51:06 | Plot · tribute_sent a jugador 4 |
| 51:06 | Plot · tribute_sent a jugador 5 |
| 51:06 | Plot · tribute_sent a jugador 6 |
| 56:32 | RYTMO/Rajo · first_building Siege Workshop |
| 57:05 | ProsteAleks · wall_segment Stone Wall x2 |
| 59:00 | Prusias · first_market_sell 500 food |
| 59:59 | ProsteAleks · wall_segment Stone Wall x3 |
| 61:04 | YemYesiL · tribute_sent a jugador 1 |
| 61:04 | YemYesiL · tribute_sent a jugador 2 |
| 61:04 | YemYesiL · tribute_sent a jugador 3 |
| 61:04 | YemYesiL · tribute_sent a jugador 4 |
| 61:04 | YemYesiL · tribute_sent a jugador 6 |
| 67:24 | Plot · tribute_sent a jugador 1 |
| 67:24 | Plot · tribute_sent a jugador 2 |
| 67:24 | Plot · tribute_sent a jugador 4 |
| 67:24 | Plot · tribute_sent a jugador 5 |
| 67:24 | Plot · tribute_sent a jugador 6 |
| 69:29 | Prusias · first_building Monastery |
| 69:48 | ProsteAleks · wall_segment Stone Wall x1 |
| 71:59 | Prusias · resign |
[ ANÁLISIS IA · 1 CRÉDITO ]
¿Qué pasó realmente en esta partida?
Wolo.gg analiza cada decisión: build order, eco, micro, errores típicos por bracket. Análisis personalizado por WhatsApp o Discord en 30 segundos.
Guía civ
Bohemios
Guía mapa
Arabia
Perfil
ProsteAleks